 Dungeon Crawl Stone Soup version 0.24.0-41-g2ae2f7f1be (webtiles) character file.

Game seed: 10126104908322205565, levelgen mode: deterministic

10647 Delamore the Carver (level 11, -2/102 HPs)
             Began as a Hill Orc Fighter on Dec 14, 2019.
             Was a High Priest of Okawaru.
             Killed from afar by an orc sorcerer (31 damage)
             ... with a bolt of negative energy
             ... on level 2 of the Orcish Mines.
             The game lasted 00:14:50 (9573 turns).

Delamore the Carver (Hill Orc Fighter)              Turns: 9573, Time: 00:14:51

Health: -2/102     AC: 12    Str: 37    XL:     11   Next: 65%
Magic:  11/11      EV:  5    Int:  8    God:    Okawaru [*****.]
Gold:   429        SH: 12    Dex: 10    Spells: 10/10 levels left

rFire    x . .     SeeInvis +   y - +9 long sword of Plog {drain, rF- Str+4 SInv}
rCold    . . .     Gourm    .   t - +2 shield
rNeg     . . .     Faith    .   k - +0 plate armour
rPois    .         Spirit   .   (no helmet)
rElec    .         Reflect  .   (no cloak)
rCorr    .         Harm     .   (no gloves)
MR       .....                  o - +0 pair of boots
Stlth    ..........             (no amulet)
HPRegen  0.27/turn              u - +5 ring of strength
MPRegen  0.12/turn              (no ring)

@: mighty, lethally poisoned (-2 -> -3), drained
A: no striking features
a: Heroism, Finesse, Renounce Religion


You were on level 2 of the Orcish Mines.
You worshipped Okawaru.
Okawaru was extremely pleased with you.
You were not hungry.

You visited 3 branches of the dungeon, and saw 12 of its levels.
You also visited: Bailey.

You collected 507 gold pieces.
You spent 78 gold pieces at shops.

Inventory:

Hand Weapons
 a - a +1 war axe
 y - the +9 long sword of Plog (weapon) {drain, rF- Str+4 SInv}
   (You found it on level 4 of the Dungeon)

   A truly terrible weapon, it drains the life of those it strikes.
   It affects your strength (+4).
   It makes you vulnerable to fire.
   It lets you see invisible.
 M - a +3 scimitar of flaming
Missiles
 w - 9 poisoned darts (quivered)
 F - 5 boomerangs of dispersal
Armour
 k - a +0 plate armour (worn)
 o - a +0 pair of boots (worn)
 t - a +2 shield (worn)
Jewellery
 u - a +5 ring of strength (left hand)
 B - an uncursed amulet of harm
Wands
 L - a wand of polymorph (12)
 Q - a wand of flame (15)
Scrolls
 b - 2 scrolls of magic mapping
 e - 10 scrolls of teleportation
 g - 2 scrolls of blinking {unknown}
 h - 3 scrolls of enchant weapon
 i - 2 scrolls of immolation
 j - 7 scrolls of remove curse
 m - a scroll of torment {unknown}
 p - 2 scrolls of amnesia {unknown}
 v - 2 scrolls of fear
 x - 2 scrolls of enchant armour {unknown}
 H - a scroll of acquirement {unknown}
 I - a scroll of identify
 J - a scroll of random uselessness {unknown}
Potions
 c - 6 potions of heal wounds
 d - a potion of might
 l - 3 potions of haste
 n - 2 potions of lignification
 q - 6 potions of curing
 s - 6 potions of magic
 z - 2 potions of flight
 A - 2 potions of cancellation
 C - a potion of resistance
 D - a potion of invisibility
 E - a potion of agility {unknown}
 K - a potion of brilliance {unknown}
 N - 4 potions of mutation {unknown}
 O - a potion of experience {unknown}
 P - a potion of berserk rage {unknown}
Comestibles
 f - 22 rations


   Skills:
 * Level 11.4(10.6) Fighting
 + Level 14.0(13.2) Long Blades
 - Level 10.6(9.9) Axes
 - Level 3.2(2.6) Armour
 - Level 3.2(2.6) Shields


You had 10 spell levels left.
You didn't know any spells.
Your spell library contained the following spells:

 Spells                   Type           Power        Failure   Level  Hunger
 Magic Dart               Conj           #...         100%        1    ##.....
 Sting                    Conj/Pois      #...         100%        1    ##.....
 Poisonous Vapours        Pois/Air       #.....       100%        2    ###....
 Searing Ray              Conj           #.....       100%        2    ###....
 Dazzling Spray           Conj/Hex       #.....       100%        3    ####...
 Mephitic Cloud           Conj/Pois/Air  #.......     100%        3    ####...
 Force Lance              Conj/Tloc      #.......     100%        4    #####..
 Fulminant Prism          Conj/Hex       #.........   100%        4    #####..
 Iskenderun's Mystic Bla  Conj           #.......     100%        4    #####..
 Olgreb's Toxic Radiance  Pois           #.......     100%        4    #####..
 Venom Bolt               Conj/Pois      #.........   100%        5    ######.


Dungeon Overview and Level Annotations

Branches:
Dungeon (9/15)             Temple (1/1) D:6             Orc (1/2) D:9
 Bailey (visited)
   Lair: D:8-11

Altars:
Ashenzari
Cheibriados
Dithmenos
Elyvilon
Fedhas
Gozag
Hepliaklqana
Kikubaaqudgha
Makhleb
Nemelex Xobeh
Okawaru
Qazlal
Ru
Sif Muna
Trog
Vehumet
Wu Jian
Xom
Yredelemnul
Zin
The Shining One

Shops:
D:6 ?   D:9 [

Annotations:
D:9 1 runed translucent door


Message History

You block the orc's attack. The orc wizard casts a spell at you.
The magic dart hits you.
* * * LOW HITPOINT WARNING * * *
You block the orc wizard's attack.
You slash the orc wizard! You drain the orc wizard.
You kill the orc wizard!
Okawaru accepts your kill. You block the orc's attack.
Your shield and plate armour prevent you from hitting the orc.
You feel sick.
You slash the orc!
You kill the orc!
Okawaru accepts your kill.
The orc wizard points at you and mumbles some strange words.
The magic dart hits you but does no damage.
You block the orc wizard's attack.
The orc sorcerer points at you and mumbles some strange words.
The bolt of negative energy hits you!!
You feel drained.
You die... ooo

#..............# ...
#..............## .§..
#...............# o...
#..............##
#oo..#.............#.##
#o.#................#
#..................#
#..........o.o)))..#
#.............@.))[#
#.o#..........)##.##
#....#.........o#####
.... #.........## ...o
#.........# §..
#..........#


.oo #.......#.## .... You could see an orc sorcerer and 2 orc wizards.

Vanquished Creatures
  Snorg (D:9)
  2 two-headed ogres
  Erica (D:8)
  An orc high priest (Orc:2)
  An orc knight (Bailey)
  A troll (D:9)
  The ghost of jaiteiro the Slinger, a novice SpHu of Okawaru (D:5)
  2 hippogriffs (D:7)
  A yak (D:7)
  3 hogs (D:7)
  A hungry ghost (D:8)
  A human (D:7)
  3 wargs
  A soldier ant (D:9)
  Duvessa (D:4)
  5 orc warriors
  2 ice beasts
  3 sky beasts
  2 phantoms
  A centaur (D:7)
  2 ogres (Orc:1)
  Blork the orc (D:6)
  A big kobold (D:8)
  3 bullfrogs
  4 scorpions
  Dowan (D:4)
  A killer bee (D:9)
  3 bullfrog zombies
  5 howler monkeys
  4 hounds
  2 crimson imps
  A centaur zombie (D:7)
  18 orc priests
  A bullfrog skeleton (D:6)
  Jessica (D:3)
  29 orc wizards
  5 iguanas
  13 worker ants
  2 worker ant zombies
  16 gnolls
  10 adders
  4 shadow imps
  An ooze (D:1)
  4 adder skeletons
  2 worms
  2 dart slugs (D:2)
  71 orcs
  2 ball pythons
  6 giant cockroaches
  17 goblins
  14 hobgoblins
  3 jackals (D:2)
  2 quokkas
  5 bats
  7 frilled lizards
  19 kobolds
  A quokka skeleton (D:4)
  5 rats
  3 butterflies (D:9)
325 creatures vanquished.

Notes
Turn   | Place    | Note
-------+----------+-------------------------------------------
     0 | D:1      | Delamore the Hill Orc Fighter began the quest for the Orb.
     0 | D:1      | Reached XP level 1. HP: 19/19 MP: 1/1
   178 | D:1      | Reached XP level 2. HP: 26/26 MP: 2/2
   709 | D:1      | Reached XP level 3. HP: 31/31 MP: 3/3
   973 | D:2      | Reached skill level 5 in Axes
  1032 | D:2      | Reached XP level 4. HP: 28/39 MP: 4/4
  1745 | D:3      | Noticed Jessica
  1748 | D:3      | Killed Jessica
  1748 | D:3      | Reached XP level 5. HP: 45/45 MP: 5/5
  2156 | D:3      | You fall into a shaft and drop 1 floor!
  2170 | D:4      | Found a white marble altar of Elyvilon.
  2179 | D:4      | Noticed Dowan
  2212 | D:4      | Reached XP level 6. HP: 37/51 MP: 6/6
  2225 | D:4      | Killed Dowan
  2534 | D:4      | Reached XP level 7. HP: 57/57 MP: 7/7
  2537 | D:4      | Noticed Duvessa
  2563 | D:4      | Killed Duvessa
  2563 | D:4      | Reached skill level 10 in Axes
  2739 | D:4      | Got an ancient long sword
  2741 | D:4      | Identified the +9 long sword of Plog {drain, rF- Str+4
                  | SInv} (You found it on level 4 of the Dungeon)
  2934 | D:5      | Entered Level 5 of the Dungeon
  2943 | D:5      | Reached skill level 1 in Long Blades
  2944 | D:5      | Reached skill level 2 in Long Blades
  2969 | D:5      | Reached skill level 3 in Long Blades
  3015 | D:5      | Reached skill level 4 in Long Blades
  3015 | D:5      | Reached XP level 8. HP: 64/64 MP: 8/8
  3212 | D:5      | Reached skill level 5 in Long Blades
  3233 | D:5      | Found a runed translucent door.
  3233 | D:5      | Noticed jaiteiro's ghost (novice SpHu)
  3345 | D:5      | Reached skill level 6 in Long Blades
  3687 | D:5      | Killed jaiteiro's ghost
  3687 | D:5      | Reached skill level 7 in Long Blades
  3762 | D:6      | Reached skill level 8 in Long Blades
  3881 | D:6      | Found a sacrificial altar of Ru.
  3896 | D:6      | Found Iliduh's Magic Scroll Shoppe.
  3904 | D:6      | Bought a scroll of teleportation for 36 gold pieces
  3904 | D:6      | Bought a scroll of fear for 42 gold pieces
  3960 | D:6      | Noticed Blork the orc
  3965 | D:6      | Killed Blork the orc
  3965 | D:6      | Reached XP level 9. HP: 70/70 MP: 9/9
  3980 | D:6      | Found a staircase to the Ecumenical Temple.
  4078 | D:6      | Reached skill level 9 in Long Blades
  4145 | Temple   | Entered the Ecumenical Temple
  4233 | Temple   | Became a worshipper of Warmaster Okawaru
  4951 | D:7      | Reached skill level 10 in Long Blades
  5261 | D:7      | Noticed a two-headed ogre
  5270 | D:7      | Killed a two-headed ogre
  5270 | D:7      | Reached * piety under Okawaru
  5270 | D:7      | Reached skill level 11 in Long Blades
  5492 | D:7      | Found a stormy altar of Qazlal.
  5520 | D:7      | Reached skill level 12 in Long Blades
  5520 | D:7      | Reached XP level 10. HP: 65/77 MP: 10/10
  5523 | D:7      | Reached ** piety under Okawaru
  6107 | D:8      | Reached skill level 5 in Fighting
  6136 | D:8      | Found a glowing golden altar of the Shining One.
  6317 | D:8      | Noticed Erica
  6323 | D:8      | Killed Erica
  6496 | D:8      | Reached skill level 13 in Long Blades
  6508 | D:8      | Reached *** piety under Okawaru
  6708 | D:9      | Found a basalt altar of Yredelemnul.
  6729 | D:9      | Found a flagged portal.
  6746 | Bailey   | Entered a bailey
  6942 | Bailey   | Noticed an orc knight
  7083 | Bailey   | Killed an orc knight
  7474 | D:9      | Found Laem's Armour Shop.
  7530 | D:9      | Reached XP level 11. HP: 91/95 MP: 11/11
  7620 | D:9      | Found a staircase to the Orcish Mines.
  7747 | D:9      | Found a runed translucent door.
  7748 | D:9      | Found a runed translucent door.
  7806 | D:9      | Noticed a two-headed ogre
  7812 | D:9      | Killed a two-headed ogre
  8003 | D:9      | Found a hazy altar of Hepliaklqana.
  8278 | Orc:1    | Entered Level 1 of the Orcish Mines
  8288 | D:9      | Reached **** piety under Okawaru
  8318 | D:9      | Reached skill level 10 in Fighting
  8640 | Orc:1    | Noticed Snorg
  8960 | D:9      | Killed Snorg
  9506 | Orc:1    | You fall into a shaft and drop 1 floor!
  9506 | Orc:2    | Entered Level 2 of the Orcish Mines
  9544 | Orc:2    | Noticed an orc high priest
  9559 | Orc:2    | Noticed a sixfirhy
  9560 | Orc:2    | Killed an orc high priest
  9560 | Orc:2    | Reached ***** piety under Okawaru
  9560 | Orc:2    | Reached skill level 14 in Long Blades
  9567 | Orc:2    | Noticed an orc sorcerer
  9573 | Orc:2    | Killed from afar by an orc sorcerer

Levels and vault maps discovered:
D:1:      erik_arrival_cave_to_civilisation [erik_arrival_cave_to_hall],
          layout_basic
D:2:      layout_basic
D:3:      layout_basic, first_ration, chequers_serial_rivers_micro_e,
          uniq_jessica
D:4:      layout_rooms, serial_corexii_hall, chequers_hall_statues_wall_a,
          chequers_hall_statues_y, corexii_hall_statues_i,
          chequers_hall_statues_corner_a, elyvilon_altar_5, uniq_duvessa
D:5:      layout_loops_cross, gammafunk_ghost_grave, st_stairs_2
D:6:      layout_loops_ring, minmay_temple_entry_junction, serial_shops,
          shop_statue, hangedman_ru_absence, uniq_blork_the_orc
D:7:      layout_loops_corners, grunt_livestock, grunt_qazlal_sundering
D:8:      layout_loops_cross, basic_altar, uniq_erica
D:9:      lemuel_insect_pit, layout_long_grid, yredelemnul_altar_generic,
          lemuel_doored_altar, erik_orc_4, serial_shops,
          nicolae_shop_behind_doors, enter_bailey_3
Temple:   regret_index_temple_chain_breaker
Orc:1:    layout_caves, basic_altar, uniq_snorg
Orc:2:    st_orc_mages, layout_caves, ebering_ghost_reflecting_pool,
          mines2_david

Skill      XL: |  1  2  3  4  5  6  7  8  9 10 11 |
---------------+----------------------------------+-----
Axes           | 3 4 5 6 8 9 10 | 10.6
Long Blades    | 4 8 12 13 14 | 14.0
Fighting       | 8 11 | 11.4
Armour         | |  3.2
Shields        | |  3.2

Action                   |  1- 3 |  4- 6 |  7- 9 | 10-12 || total
-------------------------+-------+-------+-------+-------++-------
Melee: War axe           |   134 |   211 |    50 |       ||   395
       Long sword        |       |       |   207 |   350 ||   557
Throw: Dart              |       |       |       |     3 ||     3
       Throwing net      |       |       |       |     1 ||     1
Invok: Heroism           |       |       |       |     3 ||     3
  Use: Scroll            |       |       |     4 |     8 ||    12
       Potion            |       |       |       |     2 ||     2
  Eat: Chunk             |       |     6 |     9 |    13 ||    28
       Ration            |       |       |       |     1 ||     1
Armor: Scale mail        |     6 |       |       |       ||     6
       Plate armour      |   136 |   127 |   104 |   171 ||   538
Dodge: Dodged            |    29 |    35 |    37 |    61 ||   162
Block: Shield            |    84 |   149 |   136 |   252 ||   621
       Rpst.: Long sword |       |       |     8 |    19 ||    27
